 Dungeon Crawl Stone Soup version 0.27.1-33-g824d729ab1 (webtiles) character file.

Game seed: 9075811935928928300

246 MisterFreud the Chopper (level 6, -6/45 (51) HPs)
             Began as a Hill Orc Abyssal Knight on Dec 29, 2021.
             Was a Believer of Lugonu.
             Splashed by a jelly's acid (8 damage)
             ... on level 4 of the Dungeon.
             The game lasted 00:03:37 (3818 turns).

MisterFreud the Chopper (Hill Orc Abyssal Knight)   Turns: 3818, Time: 00:03:39

HP:   -6/45 (51)    AC:  7    Str: 17    XL:     6   Next: 11%
MP:   7/7           EV:  7    Int: 12    God:    Lugonu [**....]
Gold: 22            SH:  0    Dex: 10    Spells: 5/5 levels left

rFire    . . .     SeeInvis .   a - +1 hand axe
rCold    . . .     Faith    .   (no shield)
rNeg     . . .     Spirit   .   f - +0 chain mail
rPois    .         Reflect  .   q - +0 helmet
rElec    .         Harm     .   p - +0 cloak
rCorr    .         Rampage  .   (no gloves)
Will     .....                  (no boots)
Stlth    ..........             (no amulet)
HPRegen  0.15/turn              (no ring)
MPRegen  0.10/turn              (no ring)

@: corroded, heavily drained
A: no striking features
a: Renounce Religion, Depart the Abyss, Bend Space


You were on level 4 of the Dungeon.
You worshipped Lugonu.
Lugonu was pleased with you.
You visited 1 branch of the dungeon, and saw 4 of its levels.
You visited the Abyss 1 time.

You collected 130 gold pieces.
You spent 108 gold pieces at shops.

Inventory:

Hand Weapons
 a - a +1 hand axe (weapon)
Missiles
 m - 5 curare-tipped darts (quivered)
 o - 4 poisoned darts
Armour
 b - a +0 leather armour
 f - a +0 chain mail (worn)
 p - a +0 cloak (worn)
 q - a +0 helmet (worn)
Scrolls
 d - 4 scrolls of vulnerability {unknown}
 h - 2 scrolls of fear {unknown}
 j - 3 scrolls of identify {unknown}
 k - a scroll of teleportation {unknown}
Potions
 c - a potion of attraction {unknown}
 e - 3 potions of curing
 g - 2 potions of might
 i - a potion of degeneration {unknown}
 l - 2 potions of haste {unknown}
 n - a potion of flight {unknown}
 r - a potion of heal wounds


   Skills:
 - Level 3.6 Fighting
 * Level 7.4 Axes
 + Level 3.6 Armour
 - Level 0.7 Dodging
 - Level 2.4 Invocations


You had 5 spell levels left.
You didn't know any spells.
Your spell library was empty.

Dungeon Overview and Level Annotations

Branches:
Dungeon (4/15)
 Temple: D:4-7

Altars:
Elyvilon

Shops:
D:4 !

Annotations:
D:4 Edmund


Message History

Edmund is lightly wounded.
A jelly comes into view.
The jelly quivers.
You hit Edmund but do no damage.
Edmund is moderately wounded.
You slash Edmund!
Edmund is moderately wounded.
Edmund hits you but does no damage.
You feel drained.
You hit Edmund.
Edmund is heavily wounded.
You hit Edmund.
Edmund is severely wounded.
Edmund closely misses you.
You barely miss Edmund.
Edmund is severely wounded.
You hit the jelly.
Your hands burn!
The jelly hits you but does no damage.
Edmund hits you with a +2 dire flail of draining!
You feel drained.
You closely miss Edmund.
Edmund is severely wounded.
You hit the jelly.
Your hands burn!
The jelly barely misses you.
You hit Edmund.
Edmund is almost dead.
You hit the jelly but do no damage.
Your hands burn!
Edmund hits you with a +2 dire flail of draining.
You feel drained. The jelly hits you but does no damage.
You hit Edmund but do no damage.
Edmund is almost dead.
You hit the jelly.
Your hands burn!
Edmund hits you with a +2 dire flail of draining.
You feel drained. The jelly hits you.
You are splashed with acid!
* * * LOW HITPOINT WARNING * * *
You hit Edmund.
Edmund is almost dead.
You hit the jelly.
Your hands burn!
* * * LOW HITPOINT WARNING * * *
The jelly hits you.
* * * LOW HITPOINT WARNING * * *
The acid corrodes you!
You are splashed with acid!
You die...

##########
######........#######
#.........##.........
#.........#..........
#.........#..........
#.........#..........
##.........#...J......
#.............@@####
#...###.....>.........
#....))).........##'##
#)#####.#......#...
#.#.......#..........
#.#.#..........##.....
#.#.#.#.#.####......##
#.#.#.#..... ........
#.#.#.##...###.....


You could see Edmund (poisoned, slow) and a jelly.

Vanquished Creatures
  A scorpion (D:4)
  A bullfrog zombie (D:3)
  An orc wizard (D:4)
  3 adders (D:4)
  A worm (D:2)
  3 dart slugs
  7 orcs
  5 bats
  8 endoplasms
  5 giant cockroaches
  7 hobgoblins
  7 jackals
  2 quokkas
  10 ball pythons
  2 frilled lizards
  5 goblins
  6 kobolds
  3 rats
77 creatures vanquished.

Notes
Turn   | Place    | Note
-------+----------+-------------------------------------------
     0 | Abyss:1  | MisterFreud the Hill Orc Abyssal Knight began the quest for
                  | the Orb.
     0 | Abyss:1  | Reached XP level 1. HP: 19/19 MP: 2/2
    84 | Abyss:1  | Noticed a small abomination
    85 | D:1      | Escaped the Abyss
   297 | D:1      | Reached skill level 3 in Axes
   485 | D:1      | Reached XP level 2. HP: 15/26 MP: 3/3
   647 | D:1      | Reached * piety under Lugonu
   827 | D:1      | Reached skill level 4 in Axes
  1167 | D:1      | Reached XP level 3. HP: 26/31 MP: 4/4
  1615 | D:2      | Reached skill level 5 in Axes
  2446 | D:3      | Reached XP level 4. HP: 35/39 MP: 5/5
  2630 | D:3      | Reached skill level 6 in Axes
  2846 | D:3      | Reached ** piety under Lugonu
  2993 | D:3      | Reached XP level 5. HP: 45/45 MP: 6/6
  3041 | D:3      | Found a white marble altar of Elyvilon.
  3086 | D:3      | Found a faded altar of an unknown god.
  3472 | D:4      | Found Mufim's Distillery.
  3480 | D:4      | Bought a potion of heal wounds for 60 gold pieces
  3480 | D:4      | Bought a potion of might for 48 gold pieces
  3568 | D:4      | Reached skill level 7 in Axes
  3568 | D:4      | Reached XP level 6. HP: 25/51 MP: 7/7
  3806 | D:4      | Noticed Edmund
  3818 | D:4      | HP: 2/45 [acid (5)]
  3818 | D:4      | Splashed by a jelly's acid

Illustrated notes

Levels and vault maps discovered:
D:1:      roderic_dead_forest, layout_basic, minivault_11
D:2:      layout_loops_ring
D:3:      layout_basic, elyvilon_altar_1, hellmonk_ecumenical_altar_lost_god
D:4:      layout_basic, serial_shops, shop, uniq_sigmund, uniq_edmund

Skill      XL: |  1  2  3  4  5 |
---------------+----------------+-----
Axes           | 3 4 5 6 7 |  7.4
Armour         | 3 |  3.6
Fighting       | |  3.6
Dodging        | |  0.7
Invocations    | |  2.4

Action                   |  1- 3 |  4- 6 || total
-------------------------+-------+-------++-------
Melee: Hand axe          |   164 |   139 ||   303
Throw: Dart              |       |     1 ||     1
Invok: Depart the Abyss  |     1 |       ||     1
  Use: Potion            |       |     1 ||     1
Armor: Leather armour    |    39 |       ||    39
       Chain mail        |     5 |    96 ||   101
Dodge: Dodged            |   107 |    51 ||   158
